 Dungeon Crawl Stone Soup version 0.22.0-38-g04b72b8 (webtiles) character file.

37 Lew the Grave Robber (level 3, -1/24 HPs)
             Began as a Demonspawn Necromancer on Aug 29, 2018.
             Succumbed to Sigmund's poison
             ... on level 1 of the Dungeon.
             The game lasted 00:05:26 (2185 turns).

Lew the Grave Robber (Demonspawn Necromancer)       Turns: 2185, Time: 00:05:26

Health: -1/24      AC:  3    Str:  8    XL:     3   Next: 23%
Magic:  5/6        EV: 12    Int: 17    God:
Gold:   76         SH:  0    Dex: 13    Spells: 5/6 levels left

rFire    . . .     SeeInvis .   e - +0 dagger
rCold    . . .     Gourm    .   (no shield)
rNeg     . . .     Faith    .   f - +0 leather armour
rPois    .         Spirit   .   (no helmet)
rElec    .         Reflect  .   (no cloak)
rCorr    .         Harm     .   (no gloves)
MR       .....                  (no boots)
Stlth    ++........             (no amulet)
HPRegen  0.08/turn              (no ring)
MPRegen  0.10/turn              (no ring)

@: lethally poisoned (-1 -> -14)
A: spiny 1
a: no special abilities


You were on level 1 of the Dungeon.
You were not hungry.

You visited 1 branch of the dungeon, and saw 2 of its levels.

You collected 76 gold pieces.

Inventory:

Hand Weapons
 e - a +0 dagger (weapon)
Armour
 a - a +0 robe
 f - a +0 leather armour (worn)
 l - a +0 helmet
Scrolls
 d - 2 scrolls of identify {unknown}
 h - a scroll of enchant armour {unknown}
 i - 2 scrolls of remove curse {unknown}
 j - a scroll of teleportation {unknown}
 k - a scroll of fear {unknown}
Potions
 b - 2 potions of brilliance {unknown}
 g - a potion of haste {unknown}
Comestibles
 c - a ration


   Skills:
 - Level 0.2 Fighting
 * Level 2.1 Dodging
 * Level 2.2 Stealth
 - Level 0.1 Unarmed Combat
 * Level 2.3 Spellcasting
 * Level 4.8 Necromancy


You had 5 spell levels left.
You knew the following spells:

 Your Spells              Type           Power        Failure   Level  Hunger
a - Pain                  Necr           ###.         3%          1    #......

Your spell library contained the following spells:

 Spells                   Type           Power        Failure   Level  Hunger
 Animate Skeleton         Necr           N/A          3%          1    #......
 Vampiric Draining        Necr           ###.......   11%         3    ###....
 Regeneration             Chrm/Necr      ##........   30%         3    ###....
 Animate Dead             Necr           N/A          36%         4    #####..


Dungeon Overview and Level Annotations

Branches:
Dungeon (2/15)

Altars:
Dithmenos

Annotations:
D:2 Sigmund


Innate Abilities, Weirdness & Mutations

You are partially covered in sharp spines.


Message History

Found a spear.
You see here 13 gold pieces.
You now have 76 gold pieces (gained 13).
A puff of flame appears from out of thin air!
The puff of flame hits you!
You hear some strange, mumbled words.
Something tries to affect you, but you resist.
You see here a helmet.
l - a helmet Something hits you.
* * * LOW HITPOINT WARNING * * *
You see here a spear.
A goblin comes into view. It is wielding a dagger.
There is a stone staircase leading up here.
The kobold is struck by your spines. The kobold hits you with a short sword.
Something hits you!
* * * LOW HITPOINT WARNING * * *
You are lethally poisoned!
You climb upwards.
You die...

##.....#####.#.###
#.# ##...##
#...######.# ##'##
##.........# #.#
#####.#####
#.####### #.#
####.......# #.#
......####.# #.#
##.....###.######.#
......#.........@K#
...#.##.##.########
........##.#
####.#####.#
####.#####.#
...........#
############


You could see a kobold.

Vanquished Creatures
  A leopard gecko (D:2)
  2 bats
  3 giant cockroaches
  4 goblins
  8 hobgoblins
  4 kobolds
  A quokka (D:2)
  2 frilled lizards
  5 rats
30 creatures vanquished.

Notes
Turn   | Place    | Note
-------+----------+-------------------------------------------
     0 | D:1      | Lew the Demonspawn Necromancer began the quest for the Orb.
     0 | D:1      | Reached XP level 1. HP: 13/13 MP: 3/3
   651 | D:1      | Gained mutation: You are partially covered in sharp spines. [demonic ancestry]
   651 | D:1      | Reached XP level 2. HP: 16/19 MP: 1/5
  1842 | D:2      | Reached XP level 3. HP: 7/24 MP: 0/6
  2082 | D:2      | Found a shadowy altar of Dithmenos.
  2131 | D:2      | Noticed a phantom
  2149 | D:2      | Noticed Sigmund
  2184 | D:2      | HP: 1/24 [something (7)]
  2185 | D:1      | Succumbed to Sigmund's poison

Skill      XL: |  1  2 |
---------------+-------+-----
Stealth        | 2 |  2.2
Dodging        | 2 |  2.1
Fighting       | |  0.2
Unarmed Combat | |  0.1
Spellcasting   | |  2.3
Necromancy     | |  4.8

Action                   || total
-------------------------++-------
Melee: Unarmed           ||    32
       Dagger            ||    13
 Cast: Pain              ||    53
 Stab: Sleeping          ||     2
  Eat: Chunk             ||     3
       Ration            ||     1
Armor: Robe              ||     6
       Leather armour    ||     7
Dodge: Dodged            ||    26
